 Dungeon Sprint DCSS version 0.17.0-18-gaab0e96 (webtiles) character file.

32 hexophile the Ruffian (level 3, -4/36 HPs)
             Began as a Ghoul Monk on Nov 11, 2015.
             Slain by a scorpion (5 damage)
             ... in the Dungeon (Sprint III: "The Ten Rune Challenge").
             The game lasted 00:00:41 (194 turns).

hexophile the Ruffian (Ghoul Monk)                   Turns: 194, Time: 00:00:41

Health: -4/36      AC:  2    Str: 14    XL:     3   Next: 25%
Magic:  2/2        EV: 12    Int:  6    God:
Gold:   0          SH:  0    Dex: 11    Spells: 0 memorised, 2 levels left

rFire  . . .     SeeInvis .       - Unarmed
rCold  + . .     Clarity  .     a - +0 robe
rNeg   + + +     SustAt   .     (no shield)
rPois  ∞         Gourm    .     (no helmet)
rElec  .         Spirit   .     (no cloak)
rCorr  .         Warding  .     (no gloves)
rMut   .         NoTele   +     (no boots)
MR     .....                    (no amulet)
Stlth  +++.......               (no ring)
                                (no ring)

@: very slightly contaminated, rotting, hasted, very quick, not resistant to
hostile enchantments, fairly stealthy
A: rotting body, claws 1, carnivore 3, cold resistance 1, negative energy
resistance 3, slow regeneration 1, torment resistance, unbreathing
a: no special abilities


You were in the Dungeon.
You were not hungry.

You visited 1 branch


Innate Abilities, Weirdness & Mutations

Your body is rotting away.
You thrive on raw meat.
You are immune to poison.
You have sharp fingernails.
You are carnivorous and can eat meat at any time.
Your flesh is cold resistant.
You are immune to negative energy.
You regenerate slowly when monsters are visible.
You are immune to unholy pain and torment.
You can survive without breathing.

Inventory:

Missiles
 i - 4 poisoned needles
Armour
 a - a +0 robe (worn)
Scrolls
 h - a scroll of blinking
Potions
 f - 2 potions of magic
 g - a potion of berserk rage
Comestibles
 b - a meat ration


You had 2 spell levels left.
You didn't know any spells.


   Skills:
 * Level 5.0 Fighting
 - Level 2.6 Dodging
 * Level 4.7 Stealth
 * Level 5.9 Unarmed Combat

Dungeon Overview and Level Annotations

Branches:
Dungeon (1/1)

Altars:

Vault maps used:
D:        dungeon_sprint_mu
You       could see a scorpion.


Message History

You closely miss the scorpion. The scorpion barely misses you.
You scratch the scorpion.
The scorpion is lightly wounded.
The scorpion stings you.
* * * LOW HITPOINT WARNING * * *
You lost 6 HP.
You have now: 7/36 HP.
Unknown command.
Drink which item? (? for menu, Esc to quit)
You feel much better. The scorpion barely misses you.
Restored 23 HP.
You have now: 30/36 HP.
You scratch the scorpion but do no damage.
The scorpion is lightly wounded.
The scorpion stings you.
You lost 6 HP.
You have now: 24/36 HP.
You scratch the scorpion.
The scorpion is moderately wounded.
You barely miss the scorpion.
The scorpion is moderately wounded.
The scorpion misses you.
You claw the scorpion!
The scorpion is severely wounded.
The scorpion stings you! !MASSIVE DAMAGE!
YOU LOST 9 HP!
You have now: 16/36 HP.
You barely miss the scorpion.
The scorpion is severely wounded.
The scorpion stings you.
* * * LOW HITPOINT WARNING * * *
You lost 5 HP.
You have now: 11/36 HP.
You barely miss the scorpion.
The scorpion is severely wounded.
The scorpion barely misses you.
You scratch the scorpion but do no damage.
The scorpion is severely wounded.
The scorpion stings you.
* * * LOW HITPOINT WARNING * * *
You lost 6 HP.
You have now: 5/36 HP.
Drink which item? (? for menu, Esc to quit)
You feel better. The scorpion stings you!
* * * LOW HITPOINT WARNING * * *
You lost 4 HP.
You have now: 1/36 HP.
Drink which item? (? for menu, Esc to quit)
You feel yourself speed up.
The scorpion stings you but does no damage.
You are very lightly contaminated with residual magic.
Unknown command.
You barely miss the scorpion.
The scorpion is severely wounded.
The scorpion stings you.
You die...

Action                   || total
-------------------------++-------
Melee: Unarmed           ||    29
  Use: Potion            ||     3
 Stab: Sleeping          ||     1

Notes
Turn   | Place    | Note
--------------------------------------------------------------
     0 | D        | hexophile the Ghoul Monk began the quest for the Orb.
     0 | D        | Reached XP level 1. HP: 19/19 MP: 0/0
    14 | D        | Reached skill level 4 in Fighting
    14 | D        | Reached skill level 3 in Stealth
    77 | D        | Killed a fire drake
    92 | D        | Killed a yaktaur
   111 | D        | Reached skill level 5 in Unarmed Combat
   125 | D        | Noticed Jessica
   130 | D        | Killed Jessica
   130 | D        | Reached skill level 5 in Fighting
   130 | D        | Reached skill level 4 in Stealth
   130 | D        | Reached XP level 2. HP: 18/29 MP: 1/1
   130 | D        | Reached XP level 3. HP: 22/36 MP: 2/2
   136 | D        | Killed a yaktaur
   171 | D        | Noticed a scorpion
   192 | D        | HP: 1/36 [scorpion (10)]
   194 | D        | Slain by a scorpion

Table legend:
 A = Turns spent in this place as a percentage of turns spent in the entire game.
 B = Non-inter-level travel turns spent in this place as a percentage of non-inter-level travel turns spent in the entire game.
 C = Inter-level travel turns spent in this place as a percentage of turns spent in this place.
 D = Turns resting spent in this place as a percentage of non-inter-level travel turns spent in this place.
 E = Turns spent auto-exploring this place as a percentage of non-inter-level travel turns spent in this place.
 F = Non-inter-level travel turns spent in this place divided by the number of levels of this place that you've seen.
                   A       B       C       D       E      F
               +-------+-------+-------+-------+-------+----------------------
         Total | 100.0 | 100.0 |   0.0 |   4.8 |   0.0 |  84.0
       Dungeon | 100.0 | 100.0 |   0.0 |   4.8 |   0.0 |  84.0
               +-------+-------+-------+-------+-------+----------------------

Table legend:
 A = Kills in this place as a percentage of kills in entire the game.
 B = Kills by you in this place as a percentage of kills by you in the entire game.
 C = Kills by friends in this place as a percentage of kills by friends in the entire game.
 D = Other kills in this place as a percentage of other kills in the entire game.
 E = Experience gained in this place as a percentage of experience gained in the entire game.
 F = Experience gained in this place divided by the number of levels of this place that you have seen.
                   A       B       C       D       E      F
               +-------+-------+-------+-------+-------+----------------------
         Total | 100.0 | 100.0 |  -nan |  -nan | 100.0 |  46.0
       Dungeon | 100.0 | 100.0 |  -nan |  -nan | 100.0 |  46.0
               +-------+-------+-------+-------+-------+----------------------

Vanquished Creatures
  Jessica (D)
  An ooze (D)
  A rat (D)
3 creatures vanquished.

Vanquished Creatures (others)
  A fire drake (D)
  2 yaktaurs (D)
  3 plants (D)
6 creatures vanquished.

Grand Total: 9 creatures vanquished
